 Dungeon Crawl Stone Soup version 0.28-a0-1415-g7c84da036a (webtiles) character file.

Game seed: 13918158172966983076

7702 funkygono the Thaumaturge (level 11, -32/59 HPs)
             Began as a Gargoyle Fire Elementalist on Jan 7, 2022.
             Was a Priest of Vehumet.
             Killed by refrigeration
             ... invoked by Fannar
              (42 damage)
             ... on level 10 of the Dungeon.
             The game lasted 00:24:30 (13711 turns).

funkygono the Thaumaturge (GrFE)                   Turns: 13711, Time: 00:24:31

Health: -32/59     AC: 30    Str: 16    XL:     11   Next: 19%
Magic:  14/24      EV: 13    Int: 28    God:    Vehumet [***...]
Gold:   507        SH:  0    Dex: 19    Spells: 5/29 levels left

rFire   . . .      SeeInvis .   q - +3 flail (protect)
rCold   x . .      Faith    .   (no shield)
rNeg    + . .      Spirit   .   K - +1 steam dragon scales
rPois   ∞          Reflect  .   o - +1 helmet of the Farrier {+Inv rC- Str+4 Int+8}
rElec   +          Harm     .   p - +2 cloak
rCorr   .          Rampage  .   g - +2 pair of gloves {Dex+3}
Will    +....                   (no boots)
Stlth   ++........              (no amulet)
HPRegen 0.19/turn               n - ring of willpower
MPRegen 0.19/turn               C - +6 ring of dexterity

@: under a protective aura
A: sickness immunity, AC +8, negative energy resistance 1, electricity
resistance, torment resistance 1, petrification resistance
a: Renounce Religion, Evoke Invisibility


You were on level 10 of the Dungeon.
You worshipped Vehumet.
Vehumet was most pleased with you.
You visited 1 branch of the dungeon, and saw 10 of its levels.
You also visited: Sewer.

You collected 507 gold pieces.

Inventory:

Hand Weapons
 d - a +3 quarterstaff of chaos
 i - a +0 whip of venom
 q - a +3 flail of protection (weapon)
 B - a +4 mace
 D - the +1 whip "Lohin" {vorpal, rF+}
   (You found it on level 5 of the Dungeon)

   It inflicts extra damage upon your enemies.
   rF:        It protects you from fire.
 H - a +1 whip of freezing
Missiles
 b - 393 stones
Armour
 a - a +1 leather armour of positive energy
 c - a +2 leather armour of willpower
 g - a +2 pair of gloves of dexterity (worn)
 j - a +3 leather armour
 o - the +1 helmet of the Farrier (worn) {+Inv rC- Str+4 Int+8}
   (You took it off Robin on level 2 of the Dungeon)

   Str:       It affects your strength (+4).
   Int:       It affects your intelligence (+8).
   rC:        It makes you vulnerable to cold.
   +Inv:      It lets you turn invisible.
 p - a +2 cloak (worn)
 I - +0 swamp dragon scales
 K - +1 steam dragon scales (worn)
Magical Staves
 h - a staff of earth
 t - a staff of fire
Jewellery
 n - a ring of willpower (left hand)
 C - a +6 ring of dexterity (right hand)
Wands
 m - a wand of flame (33)
 r - a wand of acid (19)
 J - a wand of iceblast (9)
Scrolls
 f - 3 scrolls of teleportation
 s - a scroll of amnesia
 w - 2 scrolls of blinking
 y - 2 scrolls of fear
 L - a scroll of holy word
Potions
 e - 2 potions of curing
 k - a potion of magic
 l - a potion of mutation
 u - a potion of haste
 x - 3 potions of heal wounds
 z - 3 potions of brilliance
 A - a potion of might
 E - a potion of ambrosia
 F - a potion of resistance
 G - 3 potions of flight


   Skills:
 + Level 2.7 Fighting
 + Level 5.3 Maces & Flails
 + Level 3.0 Armour
 + Level 2.9 Dodging
 - Level 2.1 Stealth
 + Level 9.5 Spellcasting
 + Level 7.6 Conjurations
 + Level 9.2 Fire Magic
 * Level 2.4 Air Magic


You had 5 spell levels left.
You knew the following spells:

 Your Spells              Type           Power      Damage    Failure   Level
a - Foxfire               Conj/Fire      100%       2x1d9     1%          1
b - Scorch                Fire           100%       2d10      1%          2
c - Conjure Flame         Conj/Fire      57%        6-21      1%          3
d - Flame Wave            Conj/Fire      57%        2d9       1%          4
e - Shock                 Conj/Air       100%       1d9       1%          1
f - Swiftness             Air            26%        N/A       4%          3
g - Airstrike             Air            13%        N/A       4%          4
h - Searing Ray           Conj           100%       2d8       1%          2
i - Sticky Flame          Conj/Fire      57%        2d7       1%          4

Your spell library contained the following spells:

 Spells                   Type           Power      Damage    Failure   Level
 Magic Dart               Conj           100%       1d8       1%          1
 Inner Flame              Hex/Fire       39%        N/A       1%          3
 Fulminant Prism          Conj/Hex       17%        3d11      2%          4
 Slow                     Hex            52%        N/A       4%          1
 Confusing Touch          Hex            13%        N/A       13%         3
 Vampiric Draining        Necr           13%        2d6       13%         3


Dungeon Overview and Level Annotations

Branches:
Dungeon (10/15)            Temple (0/1) D:5           Sewer (visited)
   Lair: D:8-11         Orc: D:9-12

Altars:
Cheibriados
Dithmenos
Elyvilon
Fedhas
Gozag
Makhleb
Nemelex Xobeh
Qazlal
Ru
Vehumet
Wu Jian
Xom

Shops:
D:3 [   D:9 *   D:10 [

Annotations:
D:10 Fannar


Innate Abilities, Weirdness & Mutations

You are immune to sickness and miasma.
Your stone body is resilient. (AC +8)
You are immune to poison.
You resist negative energy. (rN+)
You are resistant to electric shocks. (rElec)
You are resistant to unholy torment.
You are immune to petrification.


Message History

The centaur dies!
You feel much better. Fannar closely misses you.
You hit Fannar but do no damage.
Your weapon exudes an aura of protection.
Fannar is heavily wounded.
Fannar mumbles some strange words.
Fannar hits you with a staff of cold.
You closely miss Fannar.
Fannar is heavily wounded.
Fannar hits you with a staff of cold. Fannar freezes you.
You barely miss Fannar.
Fannar is heavily wounded.
Fannar is no longer more vulnerable to fire.
The ice beast hits you but does no damage.
The ice beast barely misses you.
Fannar points at you and mumbles some strange words.
The bolt of cold misses you.
The bolt of cold hits the ice beast.
The ice beast completely resists.
You thump Fannar!
Fannar is severely wounded.
The ice beast closely misses you.
The ice beast hits you but does no damage.
Fannar hits you but does no damage. Fannar freezes you.
* * * LOW HITPOINT WARNING * * *
You thump Fannar!
Fannar is severely wounded.
The ice beast hits you but does no damage. x2
Fannar hits you with a staff of cold.
* * * LOW HITPOINT WARNING * * *
Fannar freezes you.
* * * LOW HITPOINT WARNING * * *
You hit Fannar.
Fannar is severely wounded.
The ice beast closely misses you. The ice beast barely misses you.
Fannar gestures wildly while chanting.
Fannar drains the heat from the surrounding environment!
You feel a terrible chill!
Ouch! That really hurt!
You die...

##......####..........
#.....## ##.........
#....## ##........ ..
##....# #......## ...
#.....# #.....### ....
##....## #....##
....###......# #...##
.....#.....eY# #....#
............@#####......
....#######..Y#.........
#..#.....#...).).......
##.#.....#.........#...
#.#.._..'.........#
#.#.....#..........(
#.#.....#.............
#.#######.#......#....
............#.....####..


You could see Fannar and 2 ice beasts.

Vanquished Creatures
  2 two-headed ogres (D:8)
  Pikel (D:5)
  Joseph (D:7)
  Maggie (D:7)
  Prince Ribbit (D:9)
  Sigmund (D:5)
  4 yaks (D:9)
  A wraith (D:9)
  A wyvern (D:9)
  2 steam dragons
  Edmund (D:6)
  3 water moccasins
  2 ice beasts
  3 sky beasts
  A black bear (D:6)
  3 necrophages
  An orc warrior (D:6)
  2 ogres (D:5)
  2 centaurs
  A phantom (D:7)
  An elf zombie (D:5)
  A gnoll sergeant (D:9)
  A wyvern zombie (D:5)
  2 elf skeletons (D:5)
  3 water moccasin zombies
  A scorpion (D:4)
  4 killer bees (D:4)
  3 howler monkeys (D:8)
  7 wights
  3 bullfrog zombies
  4 centaur zombies
  3 jellies
  Crazy Yiuf (D:3)
  A centaur skeleton (D:4)
  A bullfrog skeleton (D:6)
  2 hounds
  3 human skeletons (D:5)
  2 iguanas
  Natasha (thrice) (D:3)
  4 orc wizards
  A statue (D:3)
  Robin (D:2)
  6 adders
  13 gnolls
  6 river rats (Sewer)
  A shadow imp (D:5)
  A white imp (D:6)
  2 ufetubi (D:4)
  An adder skeleton (D:4)
  A worm (D:2)
  3 dart slugs (D:1)
  20 orcs
  26 ball pythons
  7 bats
  3 endoplasms
  6 giant cockroaches
  16 goblins
  11 hobgoblins
  27 kobolds
  4 quokkas
  3 frilled lizards
  20 rats
263 creatures vanquished.

Vanquished Creatures (others)
  A centaur (D:10)
  717 foxfires
718 creatures vanquished.

Grand Total: 981 creatures vanquished

Notes
Turn   | Place    | Note
-------+----------+-------------------------------------------
     0 | D:1      | funkygono the Gargoyle Fire Elementalist began the quest
                  | for the Orb.
     0 | D:1      | Reached XP level 1. HP: 10/10 MP: 3/3
   259 | D:1      | Reached XP level 2. HP: 15/15 MP: 1/5
   262 | D:1      | Learned a level 2 spell: Scorch
   712 | D:1      | Found a faded altar of an unknown god.
   719 | D:1      | Reached XP level 3. HP: 19/19 MP: 3/6
   730 | D:1      | Learned a level 3 spell: Conjure Flame
  1852 | D:2      | Reached XP level 4. HP: 24/24 MP: 5/7
  2234 | D:2      | Identified the +1 helmet of the Farrier {+Inv rC- Str+4
                  | Int+8}
  2234 | D:2      | Noticed Robin
  2408 | D:2      | Killed Robin
  2840 | D:3      | Found Uvvyapt's Antique Armour Shop.
  2992 | D:3      | Noticed Natasha
  2996 | D:3      | Killed Natasha
  2997 | D:3      | Reached XP level 5. HP: 21/28 MP: 2/9
  3062 | D:3      | Noticed Natasha
  3072 | D:3      | Killed Natasha
  3141 | D:3      | Noticed Natasha
  3145 | D:3      | Killed Natasha
  3499 | D:3      | Found a radiant altar of Vehumet.
  3499 | D:3      | Noticed a charred statue
  3529 | D:3      | Killed a charred statue
  3530 | D:3      | Reached XP level 6. HP: 18/32 MP: 1/11
  3531 | D:3      | Became a worshipper of Vehumet
  4010 | D:3      | Found a runed translucent door.
  4011 | D:3      | Noticed Crazy Yiuf
  4017 | D:3      | Killed Crazy Yiuf
  4018 | D:3      | Reached skill level 5 in Fire Magic
  4239 | D:3      | Learned a level 4 spell: Flame Wave
  4426 | D:4      | Noticed an ice beast
  4433 | D:4      | Killed an ice beast
  4512 | D:4      | Reached XP level 7. HP: 36/36 MP: 8/12
  4749 | D:4      | Learned a level 1 spell: Shock
  4753 | D:4      | Learned a level 3 spell: Swiftness
  4959 | D:4      | Found a shimmering altar of Xom.
  5315 | D:4      | Reached skill level 1 in Armour
  5569 | D:4      | Reached skill level 5 in Spellcasting
  5879 | D:5      | Entered Level 5 of the Dungeon
  5884 | D:5      | Reached XP level 8. HP: 20/41 MP: 10/15
  5957 | D:5      | Found a glowing drain.
  5972 | Sewer    | Entered a sewer
  6105 | Sewer    | Reached * piety under Vehumet
  6105 | Sewer    | Offered knowledge of Magic Dart by Vehumet.
  6669 | Sewer    | Offered knowledge of Freeze by Vehumet.
  6671 | Sewer    | Reached ** piety under Vehumet
  7060 | D:5      | Found a burning altar of Makhleb.
  7064 | D:5      | Found a blossoming altar of Fedhas.
  7075 | D:5      | Identified the +1 whip "Lohin" {vorpal, rF+}
  7165 | D:5      | Found a stormy altar of Qazlal.
  7282 | D:5      | Reached skill level 1 in Maces & Flails
  7433 | D:5      | Found a staircase to the Ecumenical Temple.
  7522 | D:5      | Reached skill level 1 in Fighting
  7542 | D:5      | Reached XP level 9. HP: 22/47 MP: 18/18
  7781 | D:5      | Noticed Sigmund
  7791 | D:5      | Killed Sigmund
  7792 | D:5      | Reached skill level 5 in Conjurations
  8037 | D:5      | Noticed Pikel
  8059 | D:5      | Killed Pikel
  8185 | D:5      | Found a shadowy altar of Dithmenos.
  8265 | D:5      | Offered knowledge of Searing Ray by Vehumet.
  8369 | D:5      | Found a white marble altar of Elyvilon.
  8382 | D:5      | Learned a level 4 spell: Airstrike
  8385 | D:5      | Learned a level 2 spell: Searing Ray
  8748 | D:6      | Found a snail-covered altar of Cheibriados.
  8883 | D:6      | Found a sacrificial altar of Ru.
  8971 | D:6      | Reached *** piety under Vehumet
  9041 | D:6      | Noticed Edmund
  9055 | D:6      | Killed Edmund
  9380 | D:7      | Found an ornate altar of the Wu Jian Council.
  9453 | D:7      | Reached XP level 10. HP: 53/53 MP: 17/21
  9850 | D:7      | Noticed Maggie
  9866 | D:7      | Killed Maggie
  9946 | D:7      | Noticed Joseph
  9960 | D:7      | Killed Joseph
 10349 | D:7      | Offered knowledge of Sticky Flame by Vehumet.
 10488 | D:7      | Learned a level 4 spell: Sticky Flame
 10601 | D:8      | Noticed a two-headed ogre
 10613 | D:8      | Killed a two-headed ogre
 10794 | D:8      | Noticed a two-headed ogre
 10806 | D:8      | Killed a two-headed ogre
 11995 | D:8      | Reached skill level 1 in Air Magic
 12447 | D:9      | Noticed Prince Ribbit
 12453 | D:9      | Killed Prince Ribbit
 12454 | D:9      | Reached XP level 11. HP: 58/58 MP: 19/24
 12502 | D:9      | Reached skill level 5 in Maces & Flails
 12627 | D:9      | Found a sparkling altar of Nemelex Xobeh.
 12672 | D:9      | Found Itaff's General Store.
 13605 | D:10     | Entered Level 10 of the Dungeon
 13608 | D:10     | Found Ryxtikia's Antique Armour Shoppe.
 13653 | D:10     | Found an opulent altar of Gozag.
 13686 | D:10     | Noticed Fannar
 13711 | D:10     | Killed from afar by Fannar

Illustrated notes

Levels and vault maps discovered:
D:1:      zaba_arrival_water, layout_basic, ebering_ecumenical_altar_webs
D:2:      layout_loops_corners, grunt_ministairs_9, minmay_pentomino_w4,
          uniq_robin
D:3:      layout_basic, vehumet_statue, serial_shops, shop_statue,
          minmay_fractal_squares_gapless_5, uniq_crazy_yiuf_cottage,
          uniq_natasha
D:4:      layout_basic, lemuel_tele_altar, serial_rivers,
          chequers_serial_rivers_large_b, chequers_serial_rivers_room_a,
          chequers_serial_rivers_room_b, chequers_serial_rivers_marsh,
          chequers_serial_rivers_room_b, minmay_misc_feat_ornament
D:5:      layout_basic, lemuel_coloured_pillars_altar,
          mainiacjoe_overflow_alcove_2, grunt_qazlal_clouds,
          nicolae_elyvilon_temple_path, kennysheep_mini_moat,
          minmay_temple_entry_mini_moons, portal_sewer_entry_a,
          nicolae_ossuary_entry_catacombs, sigmund_army, uniq_pikel,
          uniq_sigmund
D:6:      layout_basic, nicolae_ru_the_path_less_chosen, lemuel_crystal_altar,
          kennysheep_small_square, uniq_edmund
D:7:      layout_gridville, mainiacjoe_overflow_small_starburst, uniq_maggie,
          uniq_joseph
D:8:      layout_loops_corners, grunt_ministairs_13
D:9:      layout_stronghold, lemuel_round_altar, dk_noncrumbling_4,
          eino_tiny_chamber, kennysheep_windowed_goal, uniq_prince_ribbit1
D:10:     layout_layer_cave, amcnicky_altar_gilded, lair_entry_dummy,
          orc_0_dummy, serial_shops, nicolae_inconvenience_store, uniq_fannar

Skill      XL: |  1  2  3  4  5  6  7  8  9 10 11 |
---------------+----------------------------------+-----
Fire Magic     | 4 5 6 7 8 9 |  9.2
Conjurations   | 2 3 4 6 7 |  7.6
Spellcasting   | 3 5 6 7 9 |  9.5
Armour         | 1 2 3 |  3.0
Dodging        | 2 |  2.9
Maces & Flails | 2 4 5 |  5.3
Fighting       | 1 2 |  2.7
Air Magic      | 1 2 |  2.4
Stealth        | |  2.1

Action                   |  1- 3 |  4- 6 |  7- 9 | 10-12 || total
-------------------------+-------+-------+-------+-------++-------
Melee: Whip              |    14 |    31 |       |       ||    45
       Flail             |       |       |   180 |    73 ||   253
       Punch             |       |       |     2 |       ||     2
 Cast: Foxfire           |    63 |    42 |   189 |   126 ||   420
       Scorch            |     3 |    22 |    30 |    24 ||    79
       Shock             |       |       |     3 |     3 ||     6
       Flame Wave        |       |       |     3 |     5 ||     8
       Conjure Flame     |       |       |     3 |       ||     3
       Airstrike         |       |       |       |     3 ||     3
       Swiftness         |       |       |       |     1 ||     1
  Use: Scroll            |       |    11 |     9 |     6 ||    26
       Potion            |       |       |       |     1 ||     1
 Stab: Sleeping          |       |       |     1 |       ||     1
Armor: Robe              |    11 |    12 |       |       ||    23
       Leather armour    |       |    11 |   140 |    34 ||   185
       Steam dragon scal |       |       |       |    43 ||    43
Dodge: Dodged            |    30 |    14 |   133 |    78 ||   255

Table legend: (Time is in decaauts)
 A = Elapsed time spent in this place.
 B = Non-inter-level travel time spent in this place.
 C = Inter-level travel time spent in this place.
 D = Time resting spent in this place.
 E = Time spent auto-exploring this place.
 F = Levels seen in this place.
 G = Mean time per level.
                   A        B        C        D        E       F      G
               +--------+--------+--------+--------+--------+-----+--------+
         Total |  13872 |  13564 |    308 |   1125 |  10083 |  11 | 1261.1 |
       Dungeon |  12852 |  12544 |    308 |   1125 |   9260 |  10 | 1285.2 |
         Sewer |   1019 |   1019 |      0 |      0 |    822 |   1 | 1019.0 |
               +--------+--------+--------+--------+--------+-----+--------+

Top non-repeatable levels by time:
     D:4: 1681 daAuts
     D:5: 1610 daAuts
     D:7: 1568 daAuts
     D:1: 1515 daAuts
     D:3: 1458 daAuts
     D:8: 1344 daAuts
     D:9: 1320 daAuts
     D:2: 1315 daAuts
   Sewer: 1019 daAuts
     D:6: 932 daAuts
    D:10: 106 daAuts
